 Dungeon Crawl Stone Soup version 0.28-b1-25-g9875b3fc8c (webtiles) character file.

Game seed: 1632539623347975681

2719 mopl the Reanimator (level 9, -3/66 HPs)
             Began as a Vine Stalker Necromancer on Feb 8, 2022.
             Was a Priest of Okawaru.
             Succumbed to a water moccasin's poison
             ... on level 8 of the Dungeon.
             The game lasted 00:12:34 (7047 turns).

mopl the Reanimator (Vine Stalker Necromancer)      Turns: 7047, Time: 00:12:34

Health: -3/66      AC:  8    Str: 21    XL:     9   Next: 66%
Magic:  18/18      EV: 11    Int: 15    God:    Okawaru [***...]
Gold:   535        SH:  7    Dex: 21    Spells: 14/19 levels left

rFire   . . .      SeeInvis .   a - +0 broad axe
rCold   . . .      Faith    .   D - +2 buckler
rNeg    . . .      Spirit   +   f - +0 ring mail
rPois   .          Reflect  .   (no helmet)
rElec   .          Harm     .   k - +0 cloak
rCorr   .          Rampage  .   m - +1 Delatra's gloves {ID++}
Will    +....                   (no boots)
Stlth   ..........              (no amulet)
HPRegen 1.01/turn               c - +6 ring of strength
MPRegen 0.16/turn               d - +6 ring of dexterity

@: berserking, lethally poisoned (-3 -> -22), very quick
A: fangs 3, regeneration 1, magic shield, antimagic bite, no potion heal 2
a: Renounce Religion, Heroism


You were on level 8 of the Dungeon.
You worshipped Okawaru.
Okawaru was most pleased with you.
You visited 1 branch of the dungeon, and saw 8 of its levels.
You also visited: Ossuary.

You collected 535 gold pieces.

Inventory:

Hand Weapons
 a - a +0 broad axe (weapon)
Missiles
 i - a throwing net
 s - 5 atropa-tipped darts
 v - 2 curare-tipped darts
 E - 20 poisoned darts (quivered)
Armour
 f - a +0 ring mail (worn)
 h - a +0 plate armour
 k - a +0 cloak (worn)
 m - the +1 Delatra's gloves (worn) {ID++}
   (You found it on level 2 of the Dungeon)

   It heals its wearer when they drink unknown potions.
   It restores its wearer's MP when they read unknown scrolls.
 D - a +2 buckler (worn)
Magical Staves
 b - a staff of death
Jewellery
 c - a +6 ring of strength (left hand)
 d - a +6 ring of dexterity (right hand)
Wands
 F - a wand of paralysis (7)
Scrolls
 e - 3 scrolls of magic mapping {unknown}
 j - 2 scrolls of fog {unknown}
 l - 2 scrolls of silence {unknown}
 p - a scroll of holy word {unknown}
 x - 3 scrolls of blinking {unknown}
 y - 3 scrolls of teleportation {unknown}
 z - a scroll of summoning {unknown}
 A - a scroll of vulnerability {unknown}
Potions
 g - 5 potions of haste
 n - a potion of cancellation
 o - a potion of berserk rage {!q}
 q - 5 potions of invisibility {unknown}
 r - a potion of brilliance {unknown}
 t - a potion of flight
 u - 2 potions of curing
 w - 2 potions of magic
 B - a potion of might
 C - 2 potions of lignification {!q}


   Skills:
 + Level 3.5 Fighting
 * Level 5.4 Axes
 - Level 1.5 Dodging
 - Level 2.4 Stealth
 + Level 1.5 Shields
 + Level 5.8 Spellcasting
 * Level 8.9 Necromancy
 + Level 3.7 Invocations


You had 14 spell levels left.
You knew the following spells:

 Your Spells              Type           Power      Damage    Failure   Level
a - Pain                  Necr           100%       1d9       1%          1
b - Vampiric Draining     Necr           31%        2d8       2%          3
x - Animate Skeleton      Necr           62%        N/A       1%          1

Your spell library contained the following spells:

 Spells                   Type           Power      Damage    Failure   Level
 Agony                    Necr           31%        N/A       24%         5
 Animate Dead             Necr           Unusable   N/A       N/A         4

Dungeon Overview and Level Annotations

Branches:
Dungeon (8/15)             Temple (0/1) D:7         Ossuary (visited)
   Lair: D:8-11

Altars:
Dithmenos
Okawaru
Ru
Uskayaw
Wu Jian
Xom


Innate Abilities, Weirdness & Mutations

You have razor-sharp teeth.
Your natural rate of healing is unusually fast.
When hurt, damage is shared between your health and your magic reserves.
Your bite disrupts and absorbs the magic of your enemies.
Potions cannot restore your health.


Message History

Casting: Vampiric Draining (dangerous; 2% risk of failure)
Confirm with . or Enter, or press ? or * to list all spells.
You don't have enough magic to cast this spell.
Unknown command.
Unknown command.
You feel very sick.
The water moccasin bites you but does no damage.
You feel very sick.
You see here 12 gold pieces.
You feel sick. The white imp gestures at you. The puff of frost hits you.
You feel sick. The water moccasin barely misses you.
You feel sick.
Really quaff
o - 2 potions of berserk rage {!q}?
A red film seems to cover your vision as you go berserk!
You feel yourself moving faster!
You feel mighty!
You feel sick.
The water moccasin bites you but does no damage.
Unknown command.
You barely miss the water moccasin.
The water moccasin is heavily wounded.
You feel sick. The water moccasin bites you.
* * * LOW HITPOINT WARNING * * *
You are lethally poisoned!
The water moccasin poisons you! The water moccasin closely misses you.
Unknown command.
You miss the water moccasin. Your bite misses the water moccasin.
The water moccasin is heavily wounded.
* * * LOW HITPOINT WARNING * * *
You feel very sick. The water moccasin bites you.
* * * LOW HITPOINT WARNING * * *
You are more poisoned.
The water moccasin poisons you!
Unknown command.
You barely miss the water moccasin. You bite the water moccasin!
You drain its power.
You feel invigorated.
The water moccasin is severely wounded.
You slash the white imp!
You die...

... ............
...... ..........
....... ........
...$... #.....#
.......###....#
.....(..>.....## .
..........g$>..# ...
#......5S##..##..>##
#.......@##..)......
##...#..)#..)).#.#..
#....^.#.##.####
####..)..#.<...
.#.......##.....
.......<..###.#.#
.#.......## ..###
.........# ##.#
##.......#


You could see a water moccasin, a gnoll and a white imp.

Vanquished Creatures
  Joseph (D:7)
  A wyvern (D:7)
  4 yaks (D:5)
  An orc warrior (D:7)
  A necrophage (D:3)
  A black bear (D:6)
  2 ice beasts
  An ogre (D:4)
  A centaur (D:8)
  A phantom (D:6)
  A bullfrog (D:7)
  A kobold brigand (D:7)
  A gnoll sergeant (D:7)
  2 scorpions
  A water moccasin skeleton (D:4)
  A howler monkey (D:7)
  A human zombie (Ossuary)
  A jelly (D:6)
  An orc priest (D:5)
  A centaur skeleton (D:7)
  A gnoll shaman (D:8)
  2 orc wizards
  A killer bee zombie (D:7)
  3 hound zombies (Ossuary)
  4 mummies (Ossuary)
  A howler monkey zombie (D:6)
  8 gnolls
  4 adders
  A howler monkey skeleton (D:6)
  A shadow imp (D:7)
  A white imp (D:3)
  An ufetubus (D:7)
  2 worms (D:2)
  5 dart slugs
  13 orcs
  11 endoplasms
  3 giant cockroaches
  A gnoll zombie (Ossuary)
  4 goblins
  5 hobgoblins
  7 jackals (D:2)
  4 kobolds
  5 quokkas
  11 ball pythons
  10 bats
  2 frilled lizards
  A jackal zombie (Ossuary)
  4 kobold zombies (Ossuary)
  6 rats
  2 rat zombies (Ossuary)
149 creatures vanquished.

Notes
Turn   | Place    | Note
-------+----------+-------------------------------------------
     0 | D:1      | mopl the Vine Stalker Necromancer began the quest for the
                  | Orb.
     0 | D:1      | Reached XP level 1. HP: 9/9 MP: 4/4
    91 | D:1      | Learned a level 1 spell: Animate Skeleton
   455 | D:1      | Reached XP level 2. HP: 9/13 MP: 1/6
   817 | D:1      | Reached XP level 3. HP: 14/16 MP: 8/8
   821 | D:1      | Learned a level 3 spell: Vampiric Draining
  1822 | D:2      | Reached skill level 5 in Necromancy
  1939 | D:2      | Reached skill level 3 in Spellcasting
  2259 | D:2      | Gained mutation: Your natural rate of healing is unusually
                  | fast. [Vine Stalker growth]
  2259 | D:2      | Reached XP level 4. HP: 21/21 MP: 9/9
  2692 | D:2      | Reached XP level 5. HP: 24/24 MP: 6/11
  2695 | D:2      | Found the +1 Delatra's gloves {ID++}
  3019 | D:3      | Noticed a necrophage
  3041 | D:3      | Killed a necrophage
  3042 | D:3      | Reached skill level 6 in Necromancy
  3320 | D:3      | Reached XP level 6. HP: 28/28 MP: 12/12
  3724 | D:4      | Reached skill level 1 in Axes
  3724 | D:4      | Reached skill level 4 in Spellcasting
  3748 | D:4      | Found a sacrificial altar of Ru.
  3914 | D:4      | Found an iron altar of Okawaru.
  3914 | D:4      | Found a shimmering altar of Xom.
  3996 | D:4      | Reached skill level 1 in Fighting
  3996 | D:4      | Reached XP level 7. HP: 26/33 MP: 11/14
  4045 | D:4      | Became a worshipper of Warmaster Okawaru
  4179 | D:5      | Entered Level 5 of the Dungeon
  4287 | D:5      | Reached skill level 2 in Axes
  4346 | D:5      | Found a hide-covered altar of Uskayaw.
  4430 | D:5      | Found a sand-covered staircase.
  4440 | Ossuary  | Entered an ossuary
  4457 | Ossuary  | Reached skill level 7 in Necromancy
  4461 | Ossuary  | Reached skill level 1 in Invocations
  4929 | D:5      | Noticed a yak
  4930 | D:5      | Noticed a yak
  4931 | D:5      | Noticed a yak
  4953 | D:5      | Noticed a yak
  4959 | D:5      | Killed a yak
  4959 | D:5      | Reached * piety under Okawaru
  4960 | D:5      | Gained mutation: You have razor-sharp teeth. [Vine Stalker
                  | growth]
  4960 | D:5      | Reached XP level 8. HP: 22/39 MP: 1/16
  4966 | D:5      | Killed a yak
  4967 | D:5      | Reached skill level 2 in Fighting
  4967 | D:5      | Reached skill level 3 in Axes
  5012 | D:5      | Killed a yak
  5013 | D:5      | Reached skill level 2 in Invocations
  5021 | D:5      | Killed a yak
  5022 | D:5      | Reached skill level 5 in Spellcasting
  5172 | D:5      | Found an ornate altar of the Wu Jian Council.
  5303 | D:6      | Reached ** piety under Okawaru
  5304 | D:6      | Reached skill level 4 in Axes
  5314 | D:6      | Reached skill level 8 in Necromancy
  5628 | D:6      | Found a shadowy altar of Dithmenos.
  5733 | D:7      | Reached XP level 9. HP: 40/43 MP: 15/18
  5734 | D:7      | Reached skill level 3 in Fighting
  5734 | D:7      | Reached skill level 3 in Invocations
  6058 | D:7      | Found a staircase to the Ecumenical Temple.
  6412 | D:7      | Noticed Joseph
  6609 | D:7      | Killed Joseph
  6610 | D:7      | Reached skill level 5 in Axes
  6610 | D:7      | Reached skill level 1 in Shields
  6652 | D:7      | Reached *** piety under Okawaru
  7046 | D:8      | HP: 2/66 [water moccasin (4)]
  7047 | D:8      | Succumbed to a water moccasin's poison

Illustrated notes

Levels and vault maps discovered:
D:1:      dpeg_arrival_renting, layout_basic, minmay_pentomino_z4
D:2:      minmay_angry_zag, layout_basic,
          nicolae_concentric_dashed_squares_wild, pf_guarded_unrand_delatra
D:3:      layout_loops_cross
D:4:      layout_rooms, nicolae_ru_path_of_blood,
          amethyst_overflow_temple_binary
D:5:      layout_basic, mainiacjoe_overflow_swirl,
          nicolae_ossuary_entry_monument, kennysheep_flooded_box
D:6:      layout_basic, kennysheep_mini_moat
D:7:      layout_layer_cave, minmay_temple_entry_crystal_x, uniq_joseph
D:8:      layout_cave_pools

Skill      XL: |  1  2  3  4  5  6  7  8  9 |
---------------+----------------------------+-----
Necromancy     | 5 6 7 8 |  8.9
Spellcasting   | 3 4 5 |  5.8
Axes           | 1 2 4 5 |  5.4
Fighting       | 1 2 3 |  3.5
Invocations    | 1 2 3 |  3.7
Shields        | 1 |  1.5
Dodging        | |  1.5
Stealth        | |  2.4

Action                   |  1- 3 |  4- 6 |  7- 9 || total
-------------------------+-------+-------+-------++-------
Melee: Unarmed           |     3 |       |       ||     3
       Bite              |    16 |    36 |    71 ||   123
       Spear             |    91 |   146 |       ||   237
       Short sword       |     4 |       |       ||     4
       Punch             |     2 |     1 |     1 ||     4
       Broad axe         |       |    21 |   198 ||   219
Throw: Dart              |       |       |    14 ||    14
 Cast: Pain              |    35 |     1 |     3 ||    39
       Vampiric Draining |     1 |     2 |     9 ||    12
  Use: Scroll            |       |       |    11 ||    11
       Potion            |       |       |     1 ||     1
 Stab: Sleeping          |     7 |     5 |       ||    12
Armor: Robe              |    20 |    22 |       ||    42
       Ring mail         |       |     7 |    97 ||   104
Dodge: Dodged            |    52 |    99 |   160 ||   311
Block: Buckler           |       |       |    38 ||    38
